TOP OF THE 1ST |
---|
Mile High Broncos batting - Pitching for Spokane Trappers : RHP Ben Cobb | Pitching: RHP Ben Cobb | | Batting: LHB Jesús González | 0-0: Ground out 4-3 (Groundball, 4D) | Batting: RHB Rodney González | 0-0: Ball 1-0: Called Strike 1-1: Ball 2-1: Ball 3-1: Called Strike 3-2: Base on Balls | Batting: RHB Luis Ramos | 0-0: Called Strike 0-1: Foul Ball, location: 2F 0-2: Grounds into double play, 6-4-3 (Groundball, 6M) | Top of the 1st over - 0 runs, 0 hits, 0 errors, 0 left on base; Mile High 0 - Spokane 0 | BOTTOM OF THE 1ST |
---|
Spokane Trappers batting - Pitching for Mile High Broncos : RHP Luis De Los Ángeles | Pitching: RHP Luis De Los Ángeles | | Batting: RHB José Aguilera | 0-0: Ball 1-0: Called Strike 1-1: Ground out 5-3 (Groundball, 56) | Batting: LHB Willie Wallace | 0-0: Swinging Strike 0-1: Foul Ball, location: 2F 0-2: Foul Ball, location: 2F 0-2: Ball 1-2: Strikes out looking | Batting: LHB Ray Bryant | 0-0: Ball 1-0: SINGLE (Groundball, 4MD) | Batting: SHB Mark Wells | 0-0: Ball Wild Pitch! Ray Bryant to second 1-0: Swinging Strike 1-1: Swinging Strike 1-2: Foul Ball, location: 2F 1-2: SINGLE (Groundball, 4MD) Ray Bryant to third Runner from 3rd tries for Home, SAFE, no throw | Batting: RHB Gustavo Ortíz | 0-0: Ball 1-0: Foul Ball, location: 2F 1-1: SINGLE (Line Drive, 9LS) Mark Wells to second | Batting: RHB Enrique Mendoza | 0-0: Ball 1-0: Fly out, F8 (Flyball, 8LD) | Bottom of the 1st over - 1 run, 3 hits, 0 errors, 2 left on base; Mile High 0 - Spokane 1 | TOP OF THE 2ND |
---|
Mile High Broncos batting - Pitching for Spokane Trappers : RHP Ben Cobb | Batting: RHB António Martínez | 0-0: Called Strike 0-1: Ball 1-1: SOLO HOME RUN (Flyball, 9D), Distance : 387 ft | Batting: SHB Michael Field | 0-0: Ball 1-0: Called Strike 1-1: Called Strike 1-2: Strikes out swinging, 2-3 out at first. | Batting: SHB Paco Martínez | 0-0: Ball 1-0: Called Strike 1-1: Fly out, F7 (Flyball, 7LSF) | Batting: RHB Su-kweon Yu | 0-0: Called Strike 0-1: Foul Ball, location: 2F 0-2: Strikes out swinging | Top of the 2nd over - 1 run, 1 hit, 0 errors, 0 left on base; Mile High 1 - Spokane 1 | BOTTOM OF THE 2ND |
---|
Spokane Trappers batting - Pitching for Mile High Broncos : RHP Luis De Los Ángeles | Batting: LHB John Cotton | 0-0: Called Strike 0-1: Swinging Strike 0-2: Ball 1-2: Strikes out swinging | Batting: LHB Tommy Evans | 0-0: Ball 1-0: Foul Ball, location: 2F 1-1: Ball 2-1: Foul Ball, location: 2F 2-2: Strikes out swinging | Batting: RHB António Martínez | 0-0: Ball 1-0: Called Strike 1-1: Called Strike 1-2: Ball 2-2: Ball 3-2: Strikes out swinging | Bottom of the 2nd over - 0 runs, 0 hits, 0 errors, 0 left on base; Mile High 1 - Spokane 1 | TOP OF THE 3RD |
---|
Mile High Broncos batting - Pitching for Spokane Trappers : RHP Ben Cobb | Batting: SHB Keith Shaffer | 0-0: Ball 1-0: Hit by Pitch | Batting: RHB Enrique Bermúdez | 0-0: Called Strike 0-1: Ball 1-1: Ball 2-1: Called Strike 2-2: Ground out 5-3 (Groundball, 56S) Keith Shaffer to second | Batting: LHB Jesús González | 0-0: Called Strike 0-1: Ball 1-1: Called Strike 1-2: SINGLE (Groundball, 4MD) Keith Shaffer to third | Batting: RHB Rodney González | 0-0: Called Strike 0-1: Ball 1-1: Called Strike 1-2: Foul Ball, location: 2F 1-2: Foul Ball, location: 2F 1-2: SINGLE (Groundball, 34D) Keith Shaffer scores Jesús González to second Runner from 2nd tries for 3rd, SAFE, no throw | Batting: RHB Luis Ramos | 0-0: Grounds into double play, 6-4-3 (Groundball, 6) | Top of the 3rd over - 1 run, 2 hits, 0 errors, 1 left on base; Mile High 2 - Spokane 1 | BOTTOM OF THE 3RD |
---|
Spokane Trappers batting - Pitching for Mile High Broncos : RHP Luis De Los Ángeles | Batting: RHB José Aguilera | 0-0: Ball 1-0: Ball 2-0: Ball 3-0: Called Strike 3-1: Swinging Strike 3-2: Foul Ball, location: 2F 3-2: Foul Ball, location: 2F 3-2: SINGLE (Groundball, 3D) | Batting: LHB Willie Wallace | 0-0: SINGLE (Groundball, 4MD) José Aguilera to second | Batting: LHB Ray Bryant | 0-0: Ball 1-0: SINGLE (Groundball, 3L) (infield hit) José Aguilera to third Willie Wallace to second | Batting: SHB Mark Wells | 0-0: Ball 1-0: Foul Ball, location: 2F 1-1: Fly out, F8 (Flyball, 78M) Runner from 3rd tags up, SCORES, no throw | Batting: RHB Gustavo Ortíz | 0-0: Fly out, F4 (Line Drive, 4) | Batting: RHB Enrique Mendoza | 0-0: Ball 1-0: Called Strike 1-1: Ball 2-1: SINGLE (Groundball, 4M) (infield hit) Willie Wallace to third Ray Bryant to second | Batting: LHB John Cotton | 0-0: Foul Ball, location: 2F 0-1: Fielders Choice at 2nd, U4 (Groundball, 4M) | Bottom of the 3rd over - 1 run, 4 hits, 0 errors, 3 left on base; Mile High 2 - Spokane 2 | TOP OF THE 4TH |
---|
Mile High Broncos batting - Pitching for Spokane Trappers : RHP Ben Cobb | Batting: RHB António Martínez | 0-0: Called Strike 0-1: Ball 1-1: Ground out 4-3 (Groundball, 4) | Batting: SHB Michael Field | 0-0: Called Strike 0-1: SINGLE (Line Drive, 4M) | Batting: SHB Paco Martínez | 0-0: Called Strike 0-1: SINGLE (Groundball, 6MS) (infield hit) Michael Field to second | Batting: RHB Su-kweon Yu | 0-0: Ball 1-0: Called Strike 1-1: Fly out, F8 (Flyball, 78M) | Batting: SHB Keith Shaffer | 0-0: Called Strike 0-1: Called Strike 0-2: Ball 1-2: Ball 2-2: Ball 3-2: Base on Balls Michael Field to third Paco Martínez to second | Batting: RHB Enrique Bermúdez | 0-0: Ball 1-0: Foul Ball, location: 2F 1-1: Ball 2-1: SINGLE (Line Drive, 78M) Michael Field scores Paco Martínez to third Keith Shaffer to second | Batting: LHB Jesús González | 0-0: Fielders Choice at 2nd, 6-4 (Groundball, 56) | Top of the 4th over - 1 run, 3 hits, 0 errors, 3 left on base; Mile High 3 - Spokane 2 | BOTTOM OF THE 4TH |
---|
Spokane Trappers batting - Pitching for Mile High Broncos : RHP Luis De Los Ángeles | Batting: LHB Tommy Evans | 0-0: Called Strike 0-1: Called Strike 0-2: Ball 1-2: Hit by Pitch | Batting: RHB António Martínez | 0-0: Ball 1-0: Swinging Strike 1-1: Ball 2-1: Called Strike 2-2: Ball 3-2: Grounds into double play, 5-4-3 (Groundball, 56) | Batting: RHB José Aguilera | 0-0: Called Strike 0-1: Fly out, F3 (Line Drive, 34) | Bottom of the 4th over - 0 runs, 0 hits, 0 errors, 0 left on base; Mile High 3 - Spokane 2 | TOP OF THE 5TH |
---|
Mile High Broncos batting - Pitching for Spokane Trappers : RHP Ben Cobb | Batting: RHB Rodney González | 0-0: Ball 1-0: Called Strike 1-1: SINGLE (Groundball, 56D) | Batting: RHB Luis Ramos | 0-0: Ball 1-0: SINGLE (Line Drive, 8LS) Rodney González to second | Batting: RHB António Martínez | 0-0: Foul Ball, location: 2F 0-1: Ball 1-1: TRIPLE (Line Drive, 9D) Rodney González scores Luis Ramos scores | Pitching: LHP Adrián León | | Batting: SHB Michael Field | 0-0: Ball 1-0: Ball 2-0: Fly out, F7 (Flyball, 78M) Runner from 3rd tags up, OUT at HOME | Batting: SHB Paco Martínez | 0-0: Ball 1-0: Foul Ball, location: 2F 1-1: Ball 2-1: Ground out 4-3 (Groundball, 4M) | Top of the 5th over - 2 runs, 3 hits, 0 errors, 0 left on base; Mile High 5 - Spokane 2 | BOTTOM OF THE 5TH |
---|
Spokane Trappers batting - Pitching for Mile High Broncos : RHP Luis De Los Ángeles | Batting: LHB Willie Wallace | 0-0: Ball 1-0: Ball 2-0: Ball 3-0: SOLO HOME RUN (Flyball, 9LD), Distance : 371 ft | Batting: LHB Ray Bryant | 0-0: Ball 1-0: SOLO HOME RUN (Flyball, 9LD), Distance : 364 ft | Batting: SHB Mark Wells | 0-0: Called Strike 0-1: Foul Ball, location: 2F 0-2: Ball 1-2: Foul Ball, location: 2F 1-2: Strikes out swinging | Batting: RHB Gustavo Ortíz | 0-0: Swinging Strike 0-1: SINGLE (Groundball, 6MD) | Batting: RHB Enrique Mendoza | 0-0: Called Strike 0-1: Ball 1-1: Ball 2-1: Fielders Choice at 2nd, 1-6 (Groundball, 13) | Batting: LHB John Cotton | 0-0: Ball 1-0: Ball 2-0: Ball 3-0: Base on Balls Enrique Mendoza to second | Batting: LHB Tommy Evans | 0-0: Foul Ball, location: 2F 0-1: SINGLE (Groundball, 4MD) Enrique Mendoza to third John Cotton to second Runner from 3rd tries for Home, SAFE, no throw | Batting: RHB António Martínez | 0-0: Called Strike 0-1: Fielders Choice at 2nd, 5-4 (Groundball, 5) | Bottom of the 5th over - 3 runs, 4 hits, 0 errors, 2 left on base; Mile High 5 - Spokane 5 | TOP OF THE 6TH |
---|
Mile High Broncos batting - Pitching for Spokane Trappers : LHP Adrián León | Batting: RHB Su-kweon Yu | 0-0: Swinging Strike 0-1: Called Strike 0-2: Ball 1-2: Ground out 1-3 (Groundball, 13) | Batting: SHB Keith Shaffer | 0-0: Fly out, F3 (Popup, 3L) | Batting: RHB Enrique Bermúdez | 0-0: Called Strike 0-1: Ball 1-1: Foul Ball, location: 2F 1-2: Ground out 5-3 (Groundball, 56S) | Top of the 6th over - 0 runs, 0 hits, 0 errors, 0 left on base; Mile High 5 - Spokane 5 | BOTTOM OF THE 6TH |
---|
Spokane Trappers batting - Pitching for Mile High Broncos : RHP Luis De Los Ángeles | Batting: RHB José Aguilera | 0-0: Called Strike 0-1: Ball 1-1: Ball 2-1: Ball 3-1: Base on Balls | Batting: LHB Willie Wallace | 0-0: Ball 1-0: Foul Ball, location: 2F 1-1: 2-RUN HOME RUN (Flyball, 9D), Distance : 387 ft | Pitching: LHP Domingo Morales | | Batting: LHB Ray Bryant | 0-0: Ball 1-0: Ball 2-0: Fly out, F8 (Line Drive, 8LXD) | Batting: SHB Mark Wells | 0-0: Ball 1-0: Called Strike 1-1: Foul Ball, location: 2F 1-2: Foul Ball, location: 2F 1-2: Strikes out swinging | Batting: RHB Gustavo Ortíz | 0-0: Called Strike 0-1: Ball 1-1: Foul Ball, location: 2F 1-2: Strikes out looking | Bottom of the 6th over - 2 runs, 1 hit, 0 errors, 0 left on base; Mile High 5 - Spokane 7 | TOP OF THE 7TH |
---|
Mile High Broncos batting - Pitching for Spokane Trappers : LHP Adrián León | Batting: LHB Jesús González | 0-0: Called Strike 0-1: Ball 1-1: Ball 2-1: SINGLE (Line Drive, 6MD) | Batting: RHB Rodney González | 0-0: Foul Ball, location: 2F 0-1: Ball 1-1: Foul Ball, location: 2F 1-2: Ball 2-2: Foul Ball, location: 2F 2-2: Fly out, F8 (Flyball, 8LD) | Batting: RHB Luis Ramos | 0-0: Swinging Strike 0-1: Swinging Strike 0-2: Foul Ball, location: 2F 0-2: Ball 1-2: Ball 2-2: Strikes out swinging Jesús González steals 2nd base Batter strikes out. | Batting: RHB António Martínez | 0-0: Foul Ball, location: 2F 0-1: Foul Ball, location: 2F 0-2: Ball 1-2: Foul Ball, location: 2F 1-2: Ball 2-2: Foul Ball, location: 2F 2-2: Ball 3-2: SINGLE (Line Drive, 8RS) Jesús González to third Jesús González scores | Pitching: RHP Jing-xiang Fa | | Pinch Runner at 1st Nick Simmons: | | Batting: SHB Michael Field | 0-0: Foul Ball, location: 2F 0-1: Called Strike Pickoff Throw to First - Out! | Top of the 7th over - 1 run, 2 hits, 0 errors, 0 left on base; Mile High 6 - Spokane 7 | BOTTOM OF THE 7TH |
---|
Spokane Trappers batting - Pitching for Mile High Broncos : LHP Domingo Morales | Now in RF: Nick Simmons | | Batting: RHB Enrique Mendoza | 0-0: Called Strike 0-1: Ball 1-1: Ball 2-1: Foul Ball, location: 2F 2-2: Foul Ball, location: 2F 2-2: Ground out 5-3 (Groundball, 56) | Batting: LHB John Cotton | 0-0: Ball 1-0: Called Strike 1-1: Ball 2-1: Ball 3-1: Ground out 6-3 (Groundball, 56) | Batting: LHB Tommy Evans | 0-0: Ground out 6-3 (Groundball, 6) | Bottom of the 7th over - 0 runs, 0 hits, 0 errors, 0 left on base; Mile High 6 - Spokane 7 | TOP OF THE 8TH |
---|
Mile High Broncos batting - Pitching for Spokane Trappers : RHP Jing-xiang Fa | Batting: SHB Michael Field | 0-0: SINGLE (Line Drive, 89S) | Batting: SHB Paco Martínez | 0-0: Bunted foul 0-1: Sac Bunt - play at first, batter OUT! 5-4 Michael Field to second | Batting: RHB Su-kweon Yu | 0-0: Called Strike 0-1: Ball 1-1: Foul Ball, location: 2F 1-2: Foul Ball, location: 2F 1-2: Strikes out looking | Batting: SHB Keith Shaffer | 0-0: Ball 1-0: Ball 2-0: Called Strike 2-1: Foul Ball, location: 2F 2-2: Fly out, F9 (Flyball, 9D) | Top of the 8th over - 0 runs, 1 hit, 0 errors, 1 left on base; Mile High 6 - Spokane 7 | BOTTOM OF THE 8TH |
---|
Spokane Trappers batting - Pitching for Mile High Broncos : LHP Domingo Morales | Batting: RHB António Martínez | 0-0: Ball 1-0: Swinging Strike 1-1: Foul Ball, location: 2F 1-2: Ball 2-2: SINGLE (Groundball, 6MD) | Batting: RHB José Aguilera | 0-0: Bunted foul 0-1: Sac Bunt - play at first, batter OUT! 5-4 António Martínez to second | Pinch Hitting: RHB José Herrera | 0-0: Intentional Walk | Pinch Hitting: RHB Roberto Cruz | 0-0: Called Strike 0-1: SINGLE (Line Drive, 6MD) António Martínez to third José Herrera to second | Batting: SHB Mark Wells | 0-0: Ball 1-0: Called Strike 1-1: Ball 2-1: Foul Ball, location: 2F 2-2: Foul Ball, location: 2F 2-2: Ball 3-2: Foul Ball, location: 2F 3-2: Base on Balls António Martínez scores José Herrera to third Roberto Cruz to second | Batting: RHB Gustavo Ortíz | 0-0: Ball 1-0: Called Strike 1-1: Foul Ball, location: 2F 1-2: Ball 2-2: Fly out, F9 (Flyball, 9S) | Batting: RHB Enrique Mendoza | 0-0: Fly out, F7 (Flyball, 78XD) | Bottom of the 8th over - 1 run, 2 hits, 0 errors, 3 left on base; Mile High 6 - Spokane 8 | TOP OF THE 9TH |
---|
Mile High Broncos batting - Pitching for Spokane Trappers : RHP Jing-xiang Fa | Now at 1B: Roberto Cruz | | Now in RF: Héctor Rentería | | Batting: RHB Enrique Bermúdez | 0-0: Ball 1-0: Ball 2-0: Ball 3-0: Called Strike 3-1: Swinging Strike 3-2: DOUBLE (Flyball, 9LD) | Batting: LHB Jesús González | 0-0: Called Strike 0-1: Foul Ball, location: 2F 0-2: Ball 1-2: Fly out, F6 (Line Drive, 6) | Batting: RHB Rodney González | 0-0: Ball 1-0: Swinging Strike 1-1: Ball 2-1: Foul Ball, location: 2F 2-2: Ball 3-2: Foul Ball, location: 2F 3-2: Base on Balls | Batting: RHB Luis Ramos | 0-0: Grounds into double play, 6-4-3 (Groundball, 6D) | Top of the 9th over - 0 runs, 1 hit, 0 errors, 1 left on base; Mile High 6 - Spokane 8 | |